 Dungeon Crawl Stone Soup version 0.27.1-33-g824d729ab1 (webtiles) character file.

Game seed: 13684844194810352403

7 SensoryNuts the Skirmisher (level 1, 0/19 HPs)
             Began as a Draconian Monk on Dec 9, 2021.
             Slain by a quokka (2 damage)
             ... on level 2 of the Dungeon.
             The game lasted 00:00:18 (191 turns).

SensoryNuts the Skirmisher (Draconian Monk)          Turns: 191, Time: 00:00:19

Health: 0/19       AC:  4    Str: 13    XL:     1   Next: 83%
Magic:  1/1        EV: 12    Int: 10    God:
Gold:   27         SH:  0    Dex: 13    Spells: 0/0 levels left

rFire    . . .     SeeInvis .   a - +0 falchion
rCold    . . .     Faith    .   (no shield)
rNeg     . . .     Spirit   .   (armour unavailable)
rPois    .         Reflect  .   (helmet restricted)
rElec    .         Harm     .   (no cloak)
rCorr    .         Rampage  .   (no gloves)
Will     .....                  (no boots)
Stlth    ++........             (no amulet)
HPRegen  0.06/turn              (no ring)
MPRegen  0.07/turn              (no ring)

@: no status effects
A: AC +4, unfitting armour, cold-blooded
a: no special abilities


You were on level 2 of the Dungeon.
You visited 1 branch of the dungeon, and saw 2 of its levels.

You collected 27 gold pieces.

Inventory:

Hand Weapons
 a - a +0 falchion (weapon)
Scrolls
 b - a scroll of identify {unknown}
Potions
 c - a potion of berserk rage {unknown}


   Skills:
 + Level 3.4 Fighting
 + Level 3.2 Long Blades
 + Level 2.8 Dodging
 + Level 1.8 Stealth


You couldn't memorise any spells.
You didn't know any spells.
Your spell library was empty.

Dungeon Overview and Level Annotations

Branches:
Dungeon (1/15)

Altars:

Shops:
D:1 ??:


Innate Abilities, Weirdness & Mutations

Your plain brown scales are hard. (AC +4)
You cannot fit into any form of body armour.
You are cold-blooded and may be slowed by cold attacks.


Message History

The kobold shouts!
You hit the worm.
The worm is heavily wounded.
The kobold hits you with a +0 short sword.
The worm bites you!
You are too injured to fight recklessly!
You are too injured to fight recklessly!
You are too injured to fight recklessly!
You are too injured to fight recklessly!
You are too injured to fight recklessly!
There are monsters nearby!
There are monsters nearby!
Unknown command.
Unknown command.
You closely miss the kobold. The kobold barely misses you.
The kobold hits you with a +0 short sword.
You hit the kobold.
You kill the kobold!
The kobold throws a stone.
The stone hits you. The worm barely misses you.
The kobold throws a stone.
The stone completely misses you.
The stone hits the quokka.
The quokka bites you.
* * * LOW HITPOINT WARNING * * *
The worm closely misses you.
You riposte.
You hit the worm.
The worm is heavily wounded.
Things that are here:
a +0 short sword; 3 stones; a kobold corpse You hit the worm.
The worm is heavily wounded.
The quokka closely misses you.
You hit the worm.
The worm is severely wounded.
The quokka closely misses you. x2; You riposte.
You barely miss the quokka.
The quokka is moderately wounded.
The worm bites you.
* * * LOW HITPOINT WARNING * * *
You hit the worm. You tail-slap the worm.
The worm is almost dead.
The quokka bites you.
You die...

#.#.... ..#..... #.....#
#... ..# ###....###.##
#.# ............###.#
.....###.......#
...#..###.......# ###.
#. #...........K###.....
#..#..###...............
#....>#########.@.......
#..##....# #rw.......
#.. #....# #........# #.
#....# #........+ #
#....# #........#
......# #........#
.##....# #......... #.
#....# .#.......# #
#....#


You could see a worm, a quokka and a kobold.

Vanquished Creatures
  A dart slug (D:1)
  A hobgoblin (D:2)
  A quokka (D:1)
  A frilled lizard (D:1)
  A kobold (D:2)
5 creatures vanquished.

Notes
Turn   | Place    | Note
-------+----------+-------------------------------------------
     0 | D:1      | SensoryNuts the Draconian Monk began the quest for the Orb.
     0 | D:1      | Reached XP level 1. HP: 19/19 MP: 1/1
    30 | D:1      | Found Bach's Book Boutique.
    50 | D:1      | Found Kijed's Magic Scroll Shop.
    91 | D:1      | Found Bicwywar's Magic Scroll Boutique.
   159 | D:1      | You fall into a shaft and drop 1 floor!
   191 | D:2      | Slain by a quokka

Illustrated notes

Levels and vault maps discovered:
D:1:      dpeg_arrival_court, layout_basic, chequers_ecumenical_altar_simple,
          serial_shops, shop, shop_statue, nicolae_shop_behind_doors,
          nicolae_square_shop, shop
D:2:      layout_basic, grunt_decor_cap

Action                   || total
-------------------------++-------
Melee: Falchion          ||    20
       Tailslap          ||     2
 Stab: Sleeping          ||     1
Armor: Skin              ||     5
Dodge: Dodged            ||    13
       Rpst.: Falchion   ||     5
